 Dungeon Crawl Stone Soup version 0.19-a0-1920-g83281cb (webtiles) character file.

1644 Leszczynek the Basher (level 8, -7/120 HPs)
             Began as an Ogre Warper on Oct 23, 2016.
             Was a Follower of Makhleb.
             Killed from afar by an orc warrior (29 damage)
             ... with an exploding inner flame
             ... hexed by the player character
             ... on level 8 of the Dungeon.
             The game lasted 00:15:11 (2407 turns).

Leszczynek the Basher (Ogre Warper)                 Turns: 2407, Time: 00:15:12

Health: -7/120     AC: 24    Str: 17    XL:     8   Next: 99%
Magic:  11/11      EV:  1    Int: 12    God:    Makhleb [*.....]
Gold:   198        SH:  0    Dex: 11    Spells: 0 memorised, 11 levels left

rFire  . . .     SeeInvis .     a - +0 giant club
rCold  . . .     Gourm    .     (armour currently unavailable)
rNeg   + + +     Faith    .     (shield currently unavailable)
rPois  +         Spirit   .     (helmet currently unavailable)
rElec  .         Reflect  .     (cloak currently unavailable)
rCorr  .         Harm     .     (gloves unavailable)
MR     .....     NoTele   +     (boots unavailable)
Stlth  +.........               (no amulet)
                                (no ring)
                                o - ring of poison resistance

@: tree-form
A: unfitting armour, (tough skin 0)
a: Renounce Religion


You were on level 8 of the Dungeon.
You worshipped Makhleb.
Makhleb was aware of your devotion.
You were not hungry.
You were a tree.
You visited 1 branch of the dungeon, and saw 9 of its levels.

You collected 198 gold pieces.

Inventory:

Hand Weapons
 a - a +0 giant club (weapon)
 b - a +0 whip of draining
 l - a -1 flail
 p - a +0 mace
 r - a +0 flail
Missiles
 k - 4 tomahawks (quivered)
Armour
 q - a +0 robe (melded)
Jewellery
 o - a ring of poison resistance (left branch)
Wands
 h - a wand of iceblast (10/15)
 i - a wand of flame (34/48)
Scrolls
 e - a scroll of blinking
 n - a scroll of remove curse
 u - a scroll of identify
Books
 c - a book of Spatial Translocations

   Spells                             Type                      Level
   a - Blink                          Translocation                2
   b - Shroud of Golubria             Charms/Translocation         2
   c - Lesser Beckoning               Translocation                3
   d - Portal Projectile              Translocation                3
   e - Teleport Other                 Translocation                3
   f - Passage of Golubria            Translocation                4
Comestibles
 d - a bread ration
 f - a meat ration
 m - 16 chunks of flesh


   Skills:
 + Level 5.1 Fighting
 * Level 12.8 Maces & Flails
 - Level 1.0 Throwing
 + Level 3.6 Dodging
 - Level 2.4 Spellcasting
   Level 2.1 Translocations


You had 11 spell levels left.
You didn't know any spells.

Dungeon Overview and Level Annotations

Branches:
Dungeon (9/15)
 Temple: D:4-7         Lair: D:8-11         Orc: D:9-12

Altars:
Makhleb
Okawaru
Yredelemnul

Shops:
D:6 ?   D:8 =

Annotations:
D:5 Nuatha's ghost, novice SpAK


Innate Abilities, Weirdness & Mutations

You are too large for most types of armour.
((You have tough skin. (AC +1)))


Message History

Unknown command.
You closely miss the orc wizard.
The orc wizard hits you but does no damage.
Unknown command.
You aren't carrying any potions.
You cannot teleport because you are held in place by your roots.
Okay, then.
You barely miss the orc.
You hear some strange, mumbled words.
Something tries to affect you, but you resist.
The orc hits you but does no damage.
Unknown command.
You sock the orc!
The orc explodes!
The fiery explosion engulfs the orc wizard.
The orc wizard explodes!
The fiery explosion engulfs the orc warrior.
The orc warrior explodes!
The fiery explosion engulfs you!
You die...

....#.#.##......#
#$$$.#.##...[..#
#$∩$.#.######'##
#.$$.#.# #.#
##..#.#.######.# .#
.o...#....o..)..# .#
.......###§#########.#
###.....§#§#.........#
........§§♣......).>#
........##§#........##
##########<#........#
........######.###
.........# #)#
#######..# #.# .#
##.## #.# .# #..# #.#
.# ##.# #.# .#


There were no monsters in sight!

Vanquished Creatures
  Erolcha (D:9)
  2 orc warriors (D:8)
  2 phantoms
  An ogre (D:9)
  2 sky beasts
  A crimson imp (D:5)
  A quasit (D:8)
  An orc priest (D:8)
  A hound (D:9)
  2 orc wizards (D:8)
  An iguana (D:8)
  2 worker ants
  A worker ant zombie (D:5)
  3 adders
  An adder skeleton (D:4)
  A leopard gecko (D:1)
  12 orcs
  3 bats
  2 giant cockroaches
  A hobgoblin (D:3)
  5 jackals (D:1)
  A quokka (D:9)
  3 frilled lizards
  A goblin (D:1)
  A rat (D:3)
52 creatures vanquished.

Notes
Turn   | Place    | Note
-------+----------+-------------------------------------------
     0 | D:1      | Leszczynek the Ogre Warper began the quest for the Orb.
     0 | D:1      | Reached XP level 1. HP: 22/22 MP: 3/3
    58 | D:1      | Reached skill level 3 in Maces & Flails
   173 | D:1      | Reached XP level 2. HP: 25/29 MP: 5/5
   227 | D:1      | Reached skill level 4 in Maces & Flails
   273 | D:3      | Found a basalt altar of Yredelemnul.
   273 | D:3      | Found a burning altar of Makhleb.
   275 | D:3      | Found an iron altar of Okawaru.
   314 | D:3      | Became a worshipper of Makhleb the Destroyer
   364 | D:3      | Reached skill level 5 in Maces & Flails
   364 | D:3      | Reached XP level 3. HP: 23/36 MP: 6/6
   778 | D:5      | Entered Level 5 of the Dungeon
   809 | D:5      | Reached XP level 4. HP: 44/44 MP: 7/7
   824 | D:5      | Reached skill level 6 in Maces & Flails
   836 | D:5      | Reached XP level 5. HP: 24/50 MP: 8/8
   890 | D:5      | Noticed Nuatha's ghost (novice SpAK)
   895 | D:5      | this fucking shit
   895 | D:5      | i swear to god
   895 | D:5      | spriggan with draining weapon
   895 | D:5      | i wish painful death to the player leaving something like this here
   971 | D:6      | Found Weutseot's Magic Scroll Emporium.
   973 | D:6      | Noticed an ogre
  1148 | D:8      | Found Esepn's Jewellery Shop.
  1231 | D:8      | Noticed an orc warrior
  1292 | D:7      | Noticed an orc warrior
  1392 | D:8      | Noticed a sky beast
  1419 | D:8      | Killed a sky beast
  1419 | D:8      | Reached skill level 8 in Maces & Flails
  1419 | D:8      | Reached XP level 6. HP: 59/59 MP: 9/9
  1510 | D:8      | Noticed an orc warrior
  1577 | D:8      | Reached skill level 3 in Fighting
  1611 | D:9      | XL6, d:9
  1611 | D:9      | and i'm only being chased further down by orc warriors and sutff liek that
  1611 | D:9      | depths XL8 incoming
  1618 | D:9      | Noticed a phantom
  1636 | D:9      | Killed a phantom
  1690 | D:9      | Reached skill level 9 in Maces & Flails
  1690 | D:9      | Reached XP level 7. HP: 20/68 MP: 10/10
  1844 | D:9      | Reached skill level 4 in Fighting
  1844 | D:9      | Reached skill level 3 in Dodging
  1904 | D:9      | Noticed Erolcha
  1905 | D:9      | XD
  1918 | D:9      | HP: 2/105 [Erolcha/giant club (12)]
  1919 | D:9      | Killed Erolcha
  1919 | D:9      | Reached skill level 12 in Maces & Flails
  1919 | D:9      | Reached XP level 8. HP: 2/78 MP: 11/11
  1920 | D:9      | XD
  1949 | D:9      | btw i'm still at 0 piety with The God Of Doing Nothing Until Lair
  2333 | D:8      | Reached * piety under Makhleb
  2403 | D:8      | Reached skill level 5 in Fighting
  2407 | D:8      | Killed from afar by an orc warrior

Vault maps used:
D:1:      lordsloth_arrival_two_stooges, serial_park_tiny_pond
D:2:      lemuel_coloured_pillars_altar, first_bread, hangedman_ru_absence
D:3:      minmay_diamond_boxcup, grunt_temple_overflow_open,
          kb_xom_exploding_sheep, uniq_natasha
D:4:      kennysheep_spiral_hall, tso_metal_star, uniq_blork_the_orc
D:5:      uniq_menkaure, uniq_eustachio, uniq_crazy_yiuf_cottage
D:6:      nemelex_xobeh_ov_fountains_minmay, serial_shops, kennysheep_mini_moat,
          nicolae_shop_behind_doors, nicolae_shop_waterfront, uniq_sigmund,
          uniq_pikel, uniq_prince_ribbit1, uniq_edmund
D:7:      kiku_gazebo_pond_becter, basic_altar
D:8:      serial_shops, nicolae_shop_trees, shop, shop_fountains, shop_coins
D:9:      uniq_erolcha

Skill      XL: |  1  2  3  4  5  6  7  8 |
---------------+-------------------------+-----
Maces & Flails | 3 5 6 8 9 12 | 12.8
Fighting       | 3 4 5 |  5.1
Dodging        | 3 |  3.6
Throwing       | |  1.0
Spellcasting   | |  2.4
Translocations | |  2.1

Action                   |  1- 3 |  4- 6 |  7- 9 || total
-------------------------+-------+-------+-------++-------
Melee: Mace              |    54 |    73 |       ||   127
       Flail             |     7 |    48 |       ||    55
       Whip              |       |     1 |       ||     1
       Giant club        |       |       |   101 ||   101
Throw: Tomahawk          |     5 |     9 |     4 ||    18
  Use: Scroll            |     4 |     1 |     1 ||     6
       Potion            |     1 |     1 |     5 ||     7
  Eat: Meat ration       |       |     1 |       ||     1
       Chunk             |       |       |     2 ||     2
       Pizza             |       |       |     1 ||     1
Armor: Robe              |    27 |    17 |    11 ||    55
       Skin              |       |    18 |    26 ||    44
Dodge: Dodged            |    39 |    40 |    18 ||    97
